Kings vs Maple Leafs (R1)

Created - 19 décembre 2012 at 18:57

Goals
1 2 3 T
Kings 0 2 0 2
Maple Leafs 0 1 0 1
Shots
1 2 3 T
Kings 9 14 5 28
Maple Leafs 3 11 10 24

1st period

No Goal

Penalties :
Francis Bouillon (LAK) for Holding (Minor) at 15:37

2nd period

1. Kings , Henrik Zetterberg 8 (Anze Kopitar, Steve McCarthy) at 5:32
2. Maple Leafs , Claude Giroux 11 (Peter Forsberg, Zach Parise) at 14:56 (PP)
3. Kings , Guillaume Latendresse 1 (Dustin Brown, Nik Antropov) at 16:34 (PP)

Penalties :
Claude Giroux (Tor) for Tripping (Minor) at 2:00, Alexei Morozov (LAK) for Roughing (Minor) at 5:47, Andy Hilbert (Tor) for Holding (Minor) at 10:15, Matthew Barnaby (LAK) for Holding (Minor) at 14:42, Dion Phaneuf (Tor) for Roughing (Minor) at 15:37, Dustin Brown (LAK) for Roughing (Minor) at 18:24

3rd period

No Goal

Penalties :
Paul Stastny (Tor) for Tripping (Minor) at 6:20, Scott Walker (Tor) for Hooking (Minor) at 10:25, Paul Stastny (Tor) for Hooking (Minor) at 18:49, Francis Bouillon (LAK) for High sticking (Minor) at 19:43

Goalie Stats

Jimmy Howard (LAK), 23 saves from 24 shots - (0,958), W, 6-6-0, 60:00 minutes
Marc-André Fleury (Tor), 26 saves from 28 shots - (0,929), L, 7-5-1, 59:45 minutes

Players Stats for Kings

Player Name              G  A  P  +/- PIM S  H  SB GA TA FO     MP     PP MP  PK MP  
------------------------------------------------------------------------------------
Alexei Morozov           0  0  0   0  2   4  2  0  1  1  0/1    17:36   4:43   0:00 
Anze Kopitar             0  1  1   1  0   2  1  0  0  0  10/20  18:42   5:20   0:07 
Braydon Coburn           0  0  0   0  0   2  2  2  0  1  0/0    17:49   0:08   4:05 
Bryan McCabe             0  0  0   0  0   0  3  0  0  0  0/0    18:05   3:54   2:06 
Colby Armstrong          0  0  0   0  0   3  0  0  0  0  0/0    12:10   0:00   1:26 
Derek Boogaard           0  0  0   0  0   3  1  0  0  0  0/1    12:47   0:29   1:15 
Dustin Brown             0  1  1   1  2   1  1  0  0  0  0/0    18:21   4:20   0:00 
Erik Cole                0  0  0   0  0   1  1  1  0  1  0/0    12:34   1:05   3:27 
Francis Bouillon         0  0  0   1  4   1  1  2  0  0  0/0    18:53   3:53   1:15 
Guillaume Latendresse    1  0  1   0  0   1  0  0  0  1  0/1    17:05   4:06   0:00 
Henrik Zetterberg        1  0  1   1  0   2  1  3  0  1  0/0    17:54   5:03   0:00 
Jason Williams           0  0  0   0  0   2  1  0  1  0  4/7    10:58   0:03   1:09 
Matthew Barnaby          0  0  0   0  2   0  0  0  0  0  0/0     6:27   0:00   0:00 
Nicklas Lidstrom         0  0  0   0  0   1  0  1  0  1  0/0    22:59   5:45   0:32 
Nik Antropov             0  1  1   0  0   5  1  1  1  0  11/19  21:55   4:12   3:32 
Randy Robitaille         0  0  0   0  0   0  0  0  0  0  0/2     7:29   0:00   1:26 
Ryan Whitney             0  0  0   0  0   0  2  1  0  0  0/0    23:18   5:45   0:20 
Steve McCarthy           0  1  1   1  0   0  1  1  0  1  0/0    18:26   0:08   4:04 

Players Stats for Maple Leafs

Player Name              G  A  P  +/- PIM S  H  SB GA TA FO     MP     PP MP  PK MP  
------------------------------------------------------------------------------------
Alex Goligoski           0  0  0   0  0   2  0  0  0  0  0/0    21:12   2:20   4:26 
Andy Hilbert             0  0  0   0  2   0  3  0  0  0  1/1     9:31   0:08   1:51 
Brad Boyes               0  0  0  -1  0   2  3  0  1  0  1/2    19:50   2:19   2:16 
Brett Clark              0  0  0   0  0   0  1  0  0  0  0/0    14:05   0:00   4:21 
Claude Giroux            1  0  1   0  2   3  1  0  3  0  1/1    22:22   3:44   4:25 
Derek Roy                0  0  0  -1  0   3  1  0  0  0  3/11   15:20   2:19   0:47 
Dion Phaneuf             0  0  0  -1  2   1  1  3  1  0  0/0    27:54   3:51   4:55 
Dustin Penner            0  0  0   0  0   1  0  0  0  0  0/0    16:19   2:19   0:38 
Jordan Leopold           0  0  0   0  0   0  3  2  1  1  0/0    15:47   0:00   5:52 
Lasse Kukkonen           0  0  0   0  0   0  0  0  0  0  0/0     3:30   0:00   0:00 
Paul Stastny             0  0  0   0  4   0  0  0  0  0  0/1     8:08   0:08   0:09 
Peter Forsberg           0  1  1   0  0   4  2  0  0  1  18/31  23:03   3:44   5:15 
Rob Niedermayer          0  0  0   0  0   2  1  2  0  0  1/1    13:32   0:00   1:57 
Scott Walker             0  0  0   0  2   1  1  0  0  1  0/0    12:15   0:08   0:00 
Stephane Robidas         0  0  0  -1  0   0  1  0  0  0  0/0    21:09   3:51   0:00 
Steve Ott                0  0  0   0  0   1  0  0  0  0  0/0    10:50   0:00   0:00 
Tobias Enstrom           0  0  0   0  0   2  1  0  0  0  0/0    16:49   2:20   0:00 
Zach Parise              0  1  1  -1  0   2  2  1  1  0  1/3    18:15   3:44   2:16 

3 Stars

1 - Jimmy Howard (LAK)
2 - Henrik Zetterberg (LAK)
3 - Guillaume Latendresse (LAK)

Power Play

Kings - 1 on 6 Attempt(s) - 16,67%
Maple Leafs - 1 on 5 Attempt(s) - 20,00%

Penalty Kill

Kings - 4 on 5 Attempt(s) - 80,00% - Score 0 goal in Penalty Kill
Maple Leafs - 5 on 6 Attempt(s) - 83,33% - Score 0 goal in Penalty Kill

Official

Referees : Jackson Dave and Joannette Marc
Linesman : Andy McElman and Darren Gibbs

Game Notes

No Game Note

Finance

Level 1 -- Attendance: 5368 (89,47%) -- Ticket Income 509 960 $
Level 2 -- Attendance: 5000 (100,00%) -- Ticket Income 285 000 $
Level 3 -- Attendance: 2000 (100,00%) -- Ticket Income 64 000 $
Level 4 -- Attendance: 3925 (98,13%) -- Ticket Income 70 650 $
Luxury Box -- Attendance: 947 (94,70%) -- Ticket Income 179 930 $
Game was played at the Maple Leafs Garden
Total Attendance: 17240 (95,78%)
Total Ticket Income: 1 109 540 $
Total Income: 1 109 540 $

Kings

5 vs 5 Forward 
   Center                   Left Wing                Right Wing               Time % Phy DF OF 
 1 Anze Kopitar             Henrik Zetterberg        Dustin Brown             40     1   2  2  
 2 Nik Antropov             Guillaume Latendresse    Alexei Morozov           40     1   2  2  
 3 Jason Williams           Derek Boogaard           Colby Armstrong          15     1   2  2  
 4 Randy Robitaille         Erik Cole                Matthew Barnaby          5      1   3  1  

5 vs 5 Defense 
   Defense                  Defense                                           Time % Phy DF OF 
 1 Nicklas Lidstrom         Ryan Whitney                                      40     0   3  2  
 2 Bryan McCabe             Braydon Coburn                                    30     0   3  2  
 3 Steve McCarthy           Francis Bouillon                                  20     0   3  2  
 4 Steve McCarthy           Francis Bouillon                                  10     0   3  2  

PowerPlay Forward 
   Center                   Left Wing                Right Wing               Time % Phy DF OF 
 1 Anze Kopitar             Henrik Zetterberg        Alexei Morozov           60     0   1  4  
 2 Nik Antropov             Guillaume Latendresse    Dustin Brown             40     0   1  4  

PowerPlay Defense
   Defense                  Defense                                           Time % Phy DF OF 
 1 Nicklas Lidstrom         Ryan Whitney                                      60     0   2  3  
 2 Bryan McCabe             Francis Bouillon                                  40     0   2  3  

Penalty Kill 4 Players Forward 
   Center                   Wing                     Time % Phy DF OF 
 1 Nik Antropov             Erik Cole                60     0   3  2  
 2 Randy Robitaille         Colby Armstrong          40     0   4  1  

Penalty Kill 4 Players Defense
   Defense                  Defense                  Time % Phy DF OF 
 1 Braydon Coburn           Steve McCarthy           60     0   4  1  
 2 Bryan McCabe             Francis Bouillon         40     0   4  1  

Penalty Kill - 3 Players Forward 
   Forward                                           Time % Phy DF OF 
 1 Nik Antropov                                      60     0   4  1  
 2 Randy Robitaille                                  40     0   4  1  

Penalty Kill - 3 Players Defense
   Defense                  Defense                  Time % Phy DF OF 
 1 Braydon Coburn           Steve McCarthy           60     0   4  1  
 2 Bryan McCabe             Francis Bouillon         40     0   4  1  

4 vs 4 Forward 
   Center                   Wing                     Time % Phy DF OF 
 1 Anze Kopitar             Henrik Zetterberg        60     1   2  2  
 2 Nik Antropov             Alexei Morozov           40     1   2  2  

4 vs 4 Defense
   Defense                  Defense                  Time % Phy DF OF 
 1 Nicklas Lidstrom         Ryan Whitney             60     1   2  2  
 2 Bryan McCabe             Braydon Coburn           40     1   2  2  

Last Minutes Offensive
   Center                   Left Wing                Right Wing               Defense                  Defense                  
   Anze Kopitar             Henrik Zetterberg        Alexei Morozov           Nicklas Lidstrom         Ryan Whitney             

Last Minutes Defensive
   Center                   Left Wing                Right Wing               Defense                  Defense                  
   Randy Robitaille         Erik Cole                Colby Armstrong          Braydon Coburn           Steve McCarthy           

Goaltenders
Starting : Jimmy Howard             
Backup : Brian Boucher            

Extra Forwards
Normal : Derek Boogaard, Erik Cole, Colby Armstrong - PP : Erik Cole, Derek Boogaard - PK : Jason Williams
Extra Defensemen
Normal : Steve McCarthy, Francis Bouillon, Braydon Coburn - PP : Braydon Coburn - PK : Nicklas Lidstrom, Ryan Whitney
Penalty Shots
Alexei Morozov, Nik Antropov, Anze Kopitar, Guillaume Latendresse, Henrik Zetterberg

Maple Leafs

5 vs 5 Forward 
   Center                   Left Wing                Right Wing               Time % Phy DF OF 
 1 Peter Forsberg           Dustin Penner            Claude Giroux            40     1   1  3  
 2 Derek Roy                Zach Parise              Brad Boyes               30     1   2  2  
 3 Rob Niedermayer          Steve Ott                Scott Walker             20     1   3  1  
 4 Paul Stastny             Andy Hilbert             Brad Boyes               10     1   2  2  

5 vs 5 Defense 
   Defense                  Defense                                           Time % Phy DF OF 
 1 Dion Phaneuf             Stephane Robidas                                  40     1   2  2  
 2 Tobias Enstrom           Alex Goligoski                                    30     1   2  2  
 3 Brett Clark              Jordan Leopold                                    20     1   2  2  
 4 Dion Phaneuf             Lasse Kukkonen                                    10     1   2  2  

PowerPlay Forward 
   Center                   Left Wing                Right Wing               Time % Phy DF OF 
 1 Peter Forsberg           Zach Parise              Claude Giroux            60     1   2  2  
 2 Derek Roy                Dustin Penner            Brad Boyes               40     1   2  2  

PowerPlay Defense
   Defense                  Defense                                           Time % Phy DF OF 
 1 Dion Phaneuf             Stephane Robidas                                  60     1   2  2  
 2 Tobias Enstrom           Alex Goligoski                                    40     1   2  2  

Penalty Kill 4 Players Forward 
   Center                   Wing                     Time % Phy DF OF 
 1 Peter Forsberg           Claude Giroux            60     1   2  2  
 2 Zach Parise              Brad Boyes               40     1   2  2  

Penalty Kill 4 Players Defense
   Defense                  Defense                  Time % Phy DF OF 
 1 Dion Phaneuf             Jordan Leopold           60     1   2  2  
 2 Brett Clark              Alex Goligoski           40     1   2  2  

Penalty Kill - 3 Players Forward 
   Forward                                           Time % Phy DF OF 
 1 Peter Forsberg                                    60     1   2  2  
 2 Claude Giroux                                     40     1   2  2  

Penalty Kill - 3 Players Defense
   Defense                  Defense                  Time % Phy DF OF 
 1 Dion Phaneuf             Jordan Leopold           60     1   2  2  
 2 Brett Clark              Alex Goligoski           40     1   2  2  

4 vs 4 Forward 
   Center                   Wing                     Time % Phy DF OF 
 1 Peter Forsberg           Claude Giroux            60     1   2  2  
 2 Zach Parise              Brad Boyes               40     1   2  2  

4 vs 4 Defense
   Defense                  Defense                  Time % Phy DF OF 
 1 Dion Phaneuf             Tobias Enstrom           60     1   2  2  
 2 Brett Clark              Stephane Robidas         40     1   2  2  

Last Minutes Offensive
   Center                   Left Wing                Right Wing               Defense                  Defense                  
   Peter Forsberg           Zach Parise              Claude Giroux            Dion Phaneuf             Tobias Enstrom           

Last Minutes Defensive
   Center                   Left Wing                Right Wing               Defense                  Defense                  
   Peter Forsberg           Zach Parise              Claude Giroux            Dion Phaneuf             Brett Clark              

Goaltenders
Starting : Marc-André Fleury        
Backup : Mike Dunham              

Extra Forwards
Normal : Claude Giroux, Peter Forsberg, Paul Stastny - PP : Brad Boyes, Claude Giroux - PK : Rob Niedermayer
Extra Defensemen
Normal : Tobias Enstrom, Jordan Leopold, Brett Clark - PP : Tobias Enstrom - PK : Jordan Leopold, Brett Clark
Penalty Shots
Peter Forsberg, Claude Giroux, Zach Parise, Brad Boyes, Derek Roy

% Time on Ice - Kings

Lines # - Real PCT - Wanted PCT - Time Play
Normal Forward
1 - 32% - 40% - 13:55
2 - 34% - 40% - 14:55
3 - 21% - 15% - 9:05
4 - 13% - 5% - 5:50
Normal Defense
1 - 40% - 40% - 17:25
2 - 30% - 30% - 13:04
3 - 22% - 20% - 9:31
4 - 9% - 10% - 3:45
PP Forward
1 - 56% - 60% - 5:27
2 - 44% - 40% - 4:20
PP Defense
1 - 59% - 60% - 5:45
2 - 41% - 40% - 4:02
PK Forward
1 - 77% - 60% - 4:45
2 - 23% - 40% - 1:26
PK Defense
1 - 66% - 60% - 4:04
2 - 34% - 40% - 2:07
PK3 Forward
1 - 0% - 60%
2 - 0% - 40%
PK3 Defense
1 - 0% - 60%
2 - 0% - 40%
44 Forward
1 - 100% - 60% - 0:16
2 - 0% - 40% - 0:00
44 Defense
1 - 100% - 60% - 0:16
2 - 0% - 40% - 0:00
Last Minute Offensive  - 0:00
Last Minute Defensive  - 0:01
Total
Forward - 60:00
Defense - 60:00

% Time on Ice - Maple Leafs

Lines # - Real PCT - Wanted PCT - Time Play
Normal Forward
1 - 32% - 40% - 13:58
2 - 31% - 30% - 13:27
3 - 25% - 20% - 10:50
4 - 12% - 10% - 5:27
Normal Defense
1 - 41% - 40% - 17:52
2 - 32% - 30% - 13:59
3 - 20% - 20% - 8:39
4 - 7% - 10% - 3:12
PP Forward
1 - 63% - 60% - 3:52
2 - 37% - 40% - 2:19
PP Defense
1 - 62% - 60% - 3:51
2 - 38% - 40% - 2:20
PK Forward
1 - 77% - 60% - 7:31
2 - 23% - 40% - 2:16
PK Defense
1 - 60% - 60% - 5:52
2 - 40% - 40% - 3:55
PK3 Forward
1 - 0% - 60%
2 - 0% - 40%
PK3 Defense
1 - 0% - 60%
2 - 0% - 40%
44 Forward
1 - 100% - 60% - 0:16
2 - 0% - 40% - 0:00
44 Defense
1 - 100% - 60% - 0:16
2 - 0% - 40% - 0:00
Last Minute Offensive  - 0:04
Last Minute Defensive  - 0:00
Total
Forward - 60:00
Defense - 60:00

Play by Play

1st period


0:01 of 1st period - Peter Forsberg wins face-off versus Anze Kopitar in neutral zone.
0:16 of 1st period - Wrist shot by Claude Giroux.
0:16 of 1st period - Shot Misses the Net.
0:26 of 1st period - Nicklas Lidstrom is hit by Dion Phaneuf.
0:46 of 1st period - Rob Niedermayer is hit by Braydon Coburn and loses puck.
1:05 of 1st period - Derek Boogaard is hit by Tobias Enstrom and loses puck.
1:26 of 1st period - Alex Goligoski is hit by Derek Boogaard and loses puck.
2:22 of 1st period - Slapshot by Jason Williams.
2:22 of 1st period - Stopped by Marc-André Fleury with a rebound.
2:28 of 1st period - Snap shot by Derek Boogaard.
2:28 of 1st period - Stopped by Marc-André Fleury with a rebound.
2:30 of 1st period - Slapshot by Steve McCarthy.
2:30 of 1st period - Shot Blocked by Rob Niedermayer.
2:32 of 1st period - Slapshot by Steve McCarthy.
2:32 of 1st period - Shot Misses the Net.
2:34 of 1st period - Slapshot by Steve McCarthy.
2:34 of 1st period - Shot Misses the Net.
2:47 of 1st period - Off-side.
2:48 of 1st period - Anze Kopitar wins face-off versus Peter Forsberg in neutral zone.
3:03 of 1st period - Slapshot by Peter Forsberg.
3:03 of 1st period - Stopped by Jimmy Howard with a rebound.
3:05 of 1st period - Wrist shot by Claude Giroux.
3:05 of 1st period - Shot Blocked by Henrik Zetterberg.
3:15 of 1st period - Henrik Zetterberg is hit by Jordan Leopold and loses puck.
6:55 of 1st period - Francis Bouillon is hit by Brad Boyes and loses puck.
8:38 of 1st period - Peter Forsberg is hit by Nik Antropov and loses puck.
12:11 of 1st period - Ryan Whitney is hit by Zach Parise and loses puck.
12:19 of 1st period - Icing by Colby Armstrong.
12:20 of 1st period - Peter Forsberg wins face-off versus Randy Robitaille in Kings zone.
14:12 of 1st period - Steve McCarthy is hit by Jordan Leopold and loses puck.
14:24 of 1st period - Icing by Rob Niedermayer.
14:25 of 1st period - Peter Forsberg wins face-off versus Randy Robitaille in Maple Leafs zone.
14:38 of 1st period - Wrist shot by Peter Forsberg.
14:38 of 1st period - Stopped by Jimmy Howard with a rebound.
15:07 of 1st period - Wrist shot by Alexei Morozov.
15:07 of 1st period - Stopped by Marc-André Fleury with a rebound.
15:09 of 1st period - Slapshot by Braydon Coburn.
15:09 of 1st period - Stopped by Marc-André Fleury with a rebound.
15:11 of 1st period - Wrist shot by Alexei Morozov.
15:11 of 1st period - Stopped by Marc-André Fleury without a rebound.
15:12 of 1st period - Peter Forsberg wins face-off versus Guillaume Latendresse in Maple Leafs zone.
15:34 of 1st period - Wrist shot by Nik Antropov.
15:34 of 1st period - Stopped by Marc-André Fleury without a rebound.
15:35 of 1st period - Brad Boyes wins face-off versus Anze Kopitar in Maple Leafs zone.
15:37 of 1st period - Minor Penalty to Francis Bouillon for Holding.
15:38 of 1st period - Nik Antropov wins face-off versus Peter Forsberg in Kings zone.
16:17 of 1st period - Wrist shot by Derek Roy.
16:17 of 1st period - Shot Misses the Net.
16:19 of 1st period - Wrist shot by Dustin Penner.
16:19 of 1st period - Shot Misses the Net.
16:31 of 1st period - Snap shot by Randy Robitaille.
16:31 of 1st period - Shot Misses the Net.
17:37 of 1st period - Penalty to Francis Bouillon is over, Francis Bouillon is back on ice.
17:53 of 1st period - Snap shot by Rob Niedermayer.
17:53 of 1st period - Shot Blocked by Braydon Coburn.
17:55 of 1st period - Snap shot by Rob Niedermayer.
17:55 of 1st period - Stopped by Jimmy Howard with a rebound.
18:05 of 1st period - Wrist shot by Anze Kopitar.
18:05 of 1st period - Shot Blocked by Jordan Leopold.
18:07 of 1st period - Slapshot by Braydon Coburn.
18:07 of 1st period - Stopped by Marc-André Fleury without a rebound.
18:08 of 1st period - Anze Kopitar wins face-off versus Paul Stastny in Maple Leafs zone.
18:25 of 1st period - Wrist shot by Anze Kopitar.
18:25 of 1st period - Stopped by Marc-André Fleury without a rebound.
18:26 of 1st period - Anze Kopitar wins face-off versus Peter Forsberg in Maple Leafs zone.
18:41 of 1st period - Snap shot by Peter Forsberg.
18:41 of 1st period - Shot Misses the Net.
19:00 of 1st period - Alex Goligoski is hit by Alexei Morozov.
19:17 of 1st period - Stephane Robidas is hit by Erik Cole and loses puck.
19:50 of 1st period - Snap shot by Nik Antropov.
19:50 of 1st period - Stopped by Marc-André Fleury with a rebound.

2nd period


0:01 of 2nd period - Nik Antropov wins face-off versus Peter Forsberg in neutral zone.
0:12 of 2nd period - Wrist shot by Nik Antropov.
0:12 of 2nd period - Shot Misses the Net.
0:30 of 2nd period - Dustin Brown is hit by Derek Roy and loses puck.
0:46 of 2nd period - Off-side.
0:47 of 2nd period - Rob Niedermayer wins face-off versus Jason Williams in neutral zone.
0:50 of 2nd period - Slapshot by Tobias Enstrom.
0:50 of 2nd period - Shot Misses the Net.
0:58 of 2nd period - Snap shot by Rob Niedermayer.
0:58 of 2nd period - Stopped by Jimmy Howard with a rebound.
1:14 of 2nd period - Snap shot by Nik Antropov.
1:14 of 2nd period - Stopped by Marc-André Fleury without a rebound.
1:15 of 2nd period - Peter Forsberg wins face-off versus Nik Antropov in Maple Leafs zone.
1:30 of 2nd period - Slapshot by Stephane Robidas.
1:30 of 2nd period - Deflect By Claude Giroux.
1:30 of 2nd period - Stopped by Jimmy Howard with a rebound.
2:00 of 2nd period - Minor Penalty to Claude Giroux for Tripping.
2:01 of 2nd period - Peter Forsberg wins face-off versus Alexei Morozov in Maple Leafs zone.
2:20 of 2nd period - Guillaume Latendresse is hit by Andy Hilbert and loses puck.
4:00 of 2nd period - Penalty to Claude Giroux is over, Claude Giroux is back on ice.
4:06 of 2nd period - Snap shot by Jason Williams.
4:06 of 2nd period - Shot Misses the Net.
4:08 of 2nd period - Wrist shot by Derek Boogaard.
4:08 of 2nd period - Shot Blocked by Rob Niedermayer.
4:10 of 2nd period - Snap shot by Colby Armstrong.
4:10 of 2nd period - Stopped by Marc-André Fleury without a rebound.
4:11 of 2nd period - Derek Roy wins face-off versus Jason Williams in Maple Leafs zone.
4:20 of 2nd period - Snap shot by Dion Phaneuf.
4:20 of 2nd period - Stopped by Jimmy Howard without a rebound.
4:21 of 2nd period - Anze Kopitar wins face-off versus Derek Roy in Kings zone.
5:24 of 2nd period - Snap shot by Anze Kopitar.
5:24 of 2nd period - Deflect By Derek Roy.
5:24 of 2nd period - Stopped by Marc-André Fleury with a rebound.
5:30 of 2nd period - Snap shot by Anze Kopitar.
5:30 of 2nd period - Shot Blocked by Dion Phaneuf.
5:32 of 2nd period - Snap shot by Henrik Zetterberg.
5:32 of 2nd period - Goal by Henrik Zetterberg - Kings : 1 - Maple Leafs : 0.
5:33 of 2nd period - Peter Forsberg wins face-off versus Nik Antropov in neutral zone.
5:38 of 2nd period - Snap shot by Claude Giroux.
5:38 of 2nd period - Shot Blocked by Ryan Whitney.
5:47 of 2nd period - Minor Penalty to Alexei Morozov for Roughing.
5:48 of 2nd period - Nik Antropov wins face-off versus Zach Parise in Kings zone.
6:27 of 2nd period - Wrist shot by Dion Phaneuf.
6:27 of 2nd period - Shot Blocked by Francis Bouillon.
6:29 of 2nd period - Wrist shot by Zach Parise.
6:29 of 2nd period - Shot Misses the Net.
6:31 of 2nd period - Slapshot by Stephane Robidas.
6:31 of 2nd period - Shot Blocked by Francis Bouillon.
6:33 of 2nd period - Snap shot by Peter Forsberg.
6:33 of 2nd period - Stopped by Jimmy Howard without a rebound.
6:34 of 2nd period - Nik Antropov wins face-off versus Derek Roy in Kings zone.
6:43 of 2nd period - Slapshot by Alex Goligoski.
6:43 of 2nd period - Stopped by Jimmy Howard with a rebound.
6:45 of 2nd period - Slapshot by Alex Goligoski.
6:45 of 2nd period - Shot Blocked by Erik Cole.
6:47 of 2nd period - Snap shot by Tobias Enstrom.
6:47 of 2nd period - Shot Blocked by Nik Antropov.
6:49 of 2nd period - Slapshot by Alex Goligoski.
6:49 of 2nd period - Shot Blocked by Steve McCarthy.
7:23 of 2nd period - Off-side.
7:24 of 2nd period - Jason Williams wins face-off versus Peter Forsberg in neutral zone.
7:27 of 2nd period - Zach Parise is hit by Jason Williams and loses puck.
7:47 of 2nd period - Penalty to Alexei Morozov is over, Alexei Morozov is back on ice.
8:06 of 2nd period - Slapshot by Scott Walker.
8:06 of 2nd period - Stopped by Jimmy Howard without a rebound.
8:07 of 2nd period - Andy Hilbert wins face-off versus Anze Kopitar in Kings zone.
8:41 of 2nd period - Slapshot by Alexei Morozov.
8:41 of 2nd period - Stopped by Marc-André Fleury without a rebound.
8:42 of 2nd period - Derek Roy wins face-off versus Nik Antropov in Maple Leafs zone.
8:53 of 2nd period - Snap shot by Nik Antropov.
8:53 of 2nd period - Stopped by Marc-André Fleury without a rebound.
8:54 of 2nd period - Peter Forsberg wins face-off versus Nik Antropov in Maple Leafs zone.
10:15 of 2nd period - Snap shot by Erik Cole.
10:15 of 2nd period - Stopped by Marc-André Fleury without a rebound.
10:15 of 2nd period - Minor Penalty to Andy Hilbert for Holding.
10:16 of 2nd period - Peter Forsberg wins face-off versus Anze Kopitar in Maple Leafs zone.
10:20 of 2nd period - Off-side.
10:21 of 2nd period - Anze Kopitar wins face-off versus Peter Forsberg in neutral zone.
10:24 of 2nd period - Slapshot by Nicklas Lidstrom.
10:24 of 2nd period - Shot Misses the Net.
10:26 of 2nd period - Slapshot by Nicklas Lidstrom.
10:26 of 2nd period - Shot Blocked by Dion Phaneuf.
10:28 of 2nd period - Wrist shot by Alexei Morozov.
10:28 of 2nd period - Deflect By Claude Giroux.
10:28 of 2nd period - Shot Blocked by Jordan Leopold.
10:28 of 2nd period - Puck is out of play.
10:29 of 2nd period - Peter Forsberg wins face-off versus Anze Kopitar in Maple Leafs zone.
10:40 of 2nd period - Snap shot by Nicklas Lidstrom.
10:40 of 2nd period - Stopped by Marc-André Fleury with a rebound.
11:56 of 2nd period - Dion Phaneuf is hit by Henrik Zetterberg and loses puck.
12:15 of 2nd period - Penalty to Andy Hilbert is over, Andy Hilbert is back on ice.
12:31 of 2nd period - Snap shot by Erik Cole.
12:31 of 2nd period - Deflect By Dustin Penner.
12:31 of 2nd period - Shot Misses the Net.
12:31 of 2nd period - Puck is out of play.
12:32 of 2nd period - Zach Parise wins face-off versus Derek Boogaard in Maple Leafs zone.
12:41 of 2nd period - Wrist shot by Brad Boyes.
12:41 of 2nd period - Stopped by Jimmy Howard without a rebound.
12:42 of 2nd period - Jason Williams wins face-off versus Derek Roy in Kings zone.
12:47 of 2nd period - Wrist shot by Colby Armstrong.
12:47 of 2nd period - Stopped by Marc-André Fleury with a rebound.
12:49 of 2nd period - Snap shot by Colby Armstrong.
12:49 of 2nd period - Stopped by Marc-André Fleury with a rebound.
12:51 of 2nd period - Snap shot by Jason Williams.
12:51 of 2nd period - Stopped by Marc-André Fleury without a rebound.
12:52 of 2nd period - Nik Antropov wins face-off versus Peter Forsberg in Maple Leafs zone.
13:23 of 2nd period - Slapshot by Derek Roy.
13:23 of 2nd period - Stopped by Jimmy Howard without a rebound.
13:24 of 2nd period - Anze Kopitar wins face-off versus Derek Roy in Kings zone.
13:39 of 2nd period - Off-side.
13:40 of 2nd period - Nik Antropov wins face-off versus Peter Forsberg in neutral zone.
13:50 of 2nd period - Snap shot by Nik Antropov.
13:50 of 2nd period - Shot Blocked by Dion Phaneuf.
13:52 of 2nd period - Wrist shot by Alexei Morozov.
13:52 of 2nd period - Stopped by Marc-André Fleury with a rebound.
14:06 of 2nd period - Dustin Brown is hit by Brad Boyes and loses puck.
14:42 of 2nd period - Minor Penalty to Matthew Barnaby for Holding.
14:43 of 2nd period - Nik Antropov wins face-off versus Peter Forsberg in Kings zone.
14:56 of 2nd period - Slapshot by Claude Giroux.
14:56 of 2nd period - Goal by Claude Giroux - Kings : 1 - Maple Leafs : 1.
14:57 of 2nd period - Peter Forsberg wins face-off versus Nik Antropov in neutral zone.
14:59 of 2nd period - Dion Phaneuf is hit by Alexei Morozov.
15:12 of 2nd period - Slapshot by Peter Forsberg.
15:12 of 2nd period - Stopped by Jimmy Howard without a rebound.
15:13 of 2nd period - Derek Roy wins face-off versus Anze Kopitar in Kings zone.
15:14 of 2nd period - Snap shot by Brad Boyes.
15:14 of 2nd period - Stopped by Jimmy Howard without a rebound.
15:15 of 2nd period - Anze Kopitar wins face-off versus Derek Roy in Kings zone.
15:22 of 2nd period - Wrist shot by Henrik Zetterberg.
15:22 of 2nd period - Shot Blocked by Zach Parise.
15:32 of 2nd period - Snap shot by Henrik Zetterberg.
15:32 of 2nd period - Stopped by Marc-André Fleury without a rebound.
15:33 of 2nd period - Peter Forsberg wins face-off versus Nik Antropov in Maple Leafs zone.
15:37 of 2nd period - Minor Penalty to Dion Phaneuf for Roughing.
15:38 of 2nd period - Peter Forsberg wins face-off versus Anze Kopitar in Maple Leafs zone.
16:19 of 2nd period - Brad Boyes is hit by Ryan Whitney and loses puck.
16:34 of 2nd period - Backhand shot by Guillaume Latendresse.
16:34 of 2nd period - Goal by Guillaume Latendresse - Kings : 2 - Maple Leafs : 1.
16:35 of 2nd period - Nik Antropov wins face-off versus Derek Roy in neutral zone.
17:48 of 2nd period - Randy Robitaille is hit by Brad Boyes and loses puck.
18:24 of 2nd period - Minor Penalty to Dustin Brown for Roughing.
18:25 of 2nd period - Peter Forsberg wins face-off versus Nik Antropov in Kings zone.

3rd period


0:01 of 3rd period - Nik Antropov wins face-off versus Peter Forsberg in neutral zone.
0:09 of 3rd period - Off-side.
0:10 of 3rd period - Nik Antropov wins face-off versus Zach Parise in neutral zone.
0:12 of 3rd period - Off-side.
0:13 of 3rd period - Claude Giroux wins face-off versus Nik Antropov in neutral zone.
0:18 of 3rd period - Braydon Coburn is hit by Peter Forsberg.
0:24 of 3rd period - Penalty to Dustin Brown is over, Dustin Brown is back on ice.
0:27 of 3rd period - Snap shot by Stephane Robidas.
0:27 of 3rd period - Shot Blocked by Braydon Coburn.
0:41 of 3rd period - Wrist shot by Nik Antropov.
0:41 of 3rd period - Shot Misses the Net.
0:57 of 3rd period - Wrist shot by Dustin Brown.
0:57 of 3rd period - Shot Misses the Net.
1:23 of 3rd period - Slapshot by Alex Goligoski.
1:23 of 3rd period - Stopped by Jimmy Howard without a rebound.
1:24 of 3rd period - Jason Williams wins face-off versus Derek Roy in Kings zone.
1:32 of 3rd period - Wrist shot by Derek Roy.
1:32 of 3rd period - Stopped by Jimmy Howard with a rebound.
1:36 of 3rd period - Slapshot by Zach Parise.
1:36 of 3rd period - Stopped by Jimmy Howard with a rebound.
1:38 of 3rd period - Snap shot by Zach Parise.
1:38 of 3rd period - Stopped by Jimmy Howard with a rebound.
2:06 of 3rd period - Nik Antropov is hit by Scott Walker and loses puck.
2:17 of 3rd period - Rob Niedermayer is hit by Bryan McCabe and loses puck.
3:25 of 3rd period - Scott Walker is hit by Steve McCarthy and loses puck.
3:46 of 3rd period - Wrist shot by Matthew Barnaby.
3:46 of 3rd period - Shot Misses the Net.
3:58 of 3rd period - Henrik Zetterberg is hit by Zach Parise and loses puck.
4:03 of 3rd period - Backhand shot by Brad Boyes.
4:03 of 3rd period - Shot Blocked by Henrik Zetterberg.
4:05 of 3rd period - Backhand shot by Derek Roy.
4:05 of 3rd period - Shot Misses the Net.
4:18 of 3rd period - Snap shot by Derek Boogaard.
4:18 of 3rd period - Shot Misses the Net.
4:20 of 3rd period - Snap shot by Colby Armstrong.
4:20 of 3rd period - Shot Misses the Net.
4:22 of 3rd period - Wrist shot by Jason Williams.
4:22 of 3rd period - Deflect By Derek Boogaard.
4:22 of 3rd period - Stopped by Marc-André Fleury with a rebound.
4:24 of 3rd period - Slapshot by Francis Bouillon.
4:24 of 3rd period - Stopped by Marc-André Fleury with a rebound.
4:40 of 3rd period - Slapshot by Tobias Enstrom.
4:40 of 3rd period - Shot Misses the Net.
4:42 of 3rd period - Snap shot by Tobias Enstrom.
4:42 of 3rd period - Deflect By Nik Antropov.
4:42 of 3rd period - Stopped by Jimmy Howard without a rebound.
4:43 of 3rd period - Peter Forsberg wins face-off versus Anze Kopitar in Kings zone.
4:50 of 3rd period - Snap shot by Claude Giroux.
4:50 of 3rd period - Shot Misses the Net.
4:52 of 3rd period - Wrist shot by Dustin Penner.
4:52 of 3rd period - Stopped by Jimmy Howard without a rebound.
4:53 of 3rd period - Anze Kopitar wins face-off versus Peter Forsberg in Kings zone.
4:53 of 3rd period - Anze Kopitar is hit by Stephane Robidas.
5:06 of 3rd period - Snap shot by Claude Giroux.
5:06 of 3rd period - Stopped by Jimmy Howard with a rebound.
5:40 of 3rd period - Slapshot by Nicklas Lidstrom.
5:40 of 3rd period - Deflect By Anze Kopitar.
5:40 of 3rd period - Shot Misses the Net.
5:40 of 3rd period - Puck is out of play.
5:41 of 3rd period - Nik Antropov wins face-off versus Brad Boyes in Maple Leafs zone.
5:56 of 3rd period - Slapshot by Derek Roy.
5:56 of 3rd period - Stopped by Jimmy Howard with a rebound.
6:20 of 3rd period - Minor Penalty to Paul Stastny for Tripping.
6:21 of 3rd period - Peter Forsberg wins face-off versus Anze Kopitar in Maple Leafs zone.
6:56 of 3rd period - Slapshot by Dustin Brown.
6:56 of 3rd period - Stopped by Marc-André Fleury with a rebound.
8:19 of 3rd period - Francis Bouillon is hit by Andy Hilbert and loses puck.
8:20 of 3rd period - Penalty to Paul Stastny is over, Paul Stastny is back on ice.
8:40 of 3rd period - Wrist shot by Derek Boogaard.
8:40 of 3rd period - Stopped by Marc-André Fleury without a rebound.
8:41 of 3rd period - Jason Williams wins face-off versus Derek Roy in Maple Leafs zone.
8:42 of 3rd period - Slapshot by Derek Boogaard.
8:42 of 3rd period - Shot Misses the Net.
8:47 of 3rd period - Off-side.
8:48 of 3rd period - Peter Forsberg wins face-off versus Jason Williams in neutral zone.
9:17 of 3rd period - Derek Roy is hit by Ryan Whitney and loses puck.
9:58 of 3rd period - Snap shot by Steve Ott.
9:58 of 3rd period - Stopped by Jimmy Howard with a rebound.
10:00 of 3rd period - Snap shot by Scott Walker.
10:00 of 3rd period - Shot Blocked by Nicklas Lidstrom.
10:25 of 3rd period - Minor Penalty to Scott Walker for Hooking.
10:26 of 3rd period - Anze Kopitar wins face-off versus Peter Forsberg in Maple Leafs zone.
11:41 of 3rd period - Dion Phaneuf is hit by Anze Kopitar and loses puck.
12:10 of 3rd period - Alexei Morozov is hit by Andy Hilbert and loses puck.
12:23 of 3rd period - Claude Giroux is hit by Braydon Coburn and loses puck.
12:25 of 3rd period - Penalty to Scott Walker is over, Scott Walker is back on ice.
14:08 of 3rd period - Ryan Whitney is hit by Jordan Leopold.
14:30 of 3rd period - Backhand shot by Rob Niedermayer.
14:30 of 3rd period - Shot Misses the Net.
14:49 of 3rd period - Claude Giroux is hit by Bryan McCabe and loses puck.
14:56 of 3rd period - Braydon Coburn is hit by Peter Forsberg and loses puck.
15:14 of 3rd period - Wrist shot by Nik Antropov.
15:14 of 3rd period - Stopped by Marc-André Fleury with a rebound.
16:06 of 3rd period - Braydon Coburn is hit by Rob Niedermayer and loses puck.
16:23 of 3rd period - Zach Parise is hit by Dustin Brown.
17:37 of 3rd period - Steve McCarthy is hit by Brett Clark and loses puck.
17:44 of 3rd period - Brett Clark is hit by Francis Bouillon and loses puck.
18:00 of 3rd period - Scott Walker is hit by Bryan McCabe and loses puck.
18:11 of 3rd period - Bryan McCabe is hit by Claude Giroux and loses puck.
18:49 of 3rd period - Minor Penalty to Paul Stastny for Hooking.
18:50 of 3rd period - Anze Kopitar wins face-off versus Peter Forsberg in Maple Leafs zone.
19:43 of 3rd period - Minor Penalty to Francis Bouillon for High sticking.
19:44 of 3rd period - Peter Forsberg wins face-off versus Anze Kopitar in Kings zone.
19:45 of 3rd period - Maple Leafs, Marc-André Fleury is pulled from the net.
19:45 of 3rd period - Snap shot by Claude Giroux.
19:45 of 3rd period - Shot Blocked by Henrik Zetterberg.
19:47 of 3rd period - Slapshot by Tobias Enstrom.
19:47 of 3rd period - Stopped by Jimmy Howard with a rebound.


Output by the SimonT Hockey Simulator (STHS) for François Prévost -- Original Page W3C XHTML 1.0 Valid
Hockey Simulator - Hockey Simulation - Hockey Manager